 Dungeon Crawl Stone Soup version 0.20.1-1-g8b1a95d (webtiles) character file.

128 spiff the Insei (level 5, -12/33 HPs)
             Began as an Octopode Transmuter on July 19, 2017.
             Mangled by an ice beast (13 damage)
             ... on level 4 of the Dungeon.
             The game lasted 00:05:07 (2876 turns).

spiff the Insei (Octopode Transmuter)               Turns: 2876, Time: 00:05:08

Health: -12/33     AC:  1    Str: 11    XL:     5   Next: 12%
Magic:  2/8        EV: 13    Int: 15    God:
Gold:   136        SH:  0    Dex: 12    Spells: 2/8 levels left

rFire    . . .     SeeInvis .     - Unarmed
rCold    . . .     Gourm    .   (no shield)
rNeg     . . .     Faith    .   (helmet restricted)
rPois    .         Spirit   .   (no amulet)
rElec    .         Reflect  .   (no ring)
rCorr    .         Harm     .   (no ring)
MR       .....                  (no ring)
Stlth    ++........             (no ring)
Regen    0.2/turn               (no ring)
MPRegen  0.2/turn               (no ring)
                                (no ring)
                                (no ring)

@: very slightly contaminated
A: almost no armour, stealthy swim, amphibious, 8 rings, constrict 8, camouflage
1, gelatinous body 1
a: no special abilities


You were on level 4 of the Dungeon.
You were not hungry.

You visited 1 branch of the dungeon, and saw 4 of its levels.

You collected 136 gold pieces.

Inventory:

Hand Weapons
 i - a +0 hunting sling
Missiles
 a - 25 arrows
 m - 116 stones (quivered)
 o - 7 tomahawks
Jewellery
 v - an uncursed ring of protection from fire {unknown}
Wands
 n - a wand of confusion (21/48)
Scrolls
 d - a scroll of recharging {unknown}
 f - 3 scrolls of remove curse {unknown}
 g - 9 scrolls of teleportation {unknown}
 j - 2 scrolls of identify {unknown}
 l - a scroll of fog {unknown}
 p - a scroll of amnesia {unknown}
 t - 2 scrolls of enchant armour {unknown}
 u - a scroll of enchant weapon {unknown}
 x - a scroll of immolation {unknown}
Potions
 e - 6 potions of curing {unknown}
 h - a potion of degeneration {unknown}
 k - a potion of resistance {unknown}
 s - 2 potions of might {unknown}
Books
 b - a book of Changes

   Spells                             Type                      Level
   a - Beastly Appendage              Transmutation                1
   b - Sticks to Snakes               Transmutation                2
   c - Spider Form                    Transmutation/Poison         3
   d - Ice Form                       Ice/Transmutation            4
   e - Blade Hands                    Transmutation                5
Comestibles
 c - 2 bread rations
 q - 2 meat rations
 r - 4 fruits
 w - 2 chunks of flesh


   Skills:
 - Level 1.0 Fighting
 - Level 2.0 Dodging
 + Level 4.5 Unarmed Combat
 - Level 2.0 Spellcasting
 + Level 3.8 Transmutations


You had 2 spell levels left.
You knew the following spells:

 Your Spells              Type           Power        Failure   Level  Hunger
a - Beastly Appendage     Tmut           ##....       4%          1    #......
b - Sticks to Snakes      Tmut           ##......     7%          2    ###....
c - Spider Form           Tmut/Pois      #.........   30%         3    ###....


Dungeon Overview and Level Annotations

Branches:
Dungeon (4/15)
 Temple: D:4-7

Altars:


Innate Abilities, Weirdness & Mutations

You cannot wear most types of armour.
You are very stealthy in the water. (Stealth+)
You are amphibious.
You can wear up to eight rings at the same time.
You can use your tentacles to constrict eight enemies at once.
Your skin changes colour to match your surroundings (Stealth+).
Your rubbery body absorbs attacks. (AC +1, EV +1)


Message History

You tentacle-slap the ice beast.
The ice beast is lightly wounded.
The ice beast hits you. The ice beast freezes you.
You bludgeon the ice beast!
The ice beast is moderately wounded.
The ice beast hits you. The ice beast freezes you!
* * * LOW HITPOINT WARNING * * *
Casting: Beastly Appendage
Confirm with . or Enter, or press ? or * to list all spells.
You miscast Spider Form.
You are very lightly contaminated with residual magic.
Nothing appears to happen.
The ice beast closely misses you.
Casting: Spider Form
Confirm with . or Enter, or press ? or * to list all spells.
You miscast Spider Form.
You hear roaring flames.
The ice beast hits you.
* * * LOW HITPOINT WARNING * * *
The ice beast freezes you!
You die...

...............
...............
..?..........#
.............#
...........<.#
..?..........#
......Y......#
.......@%....#
.............#
.........#####
.....>#.##
...........#
.....###......#
..... .......
..... ......#
.... .......


You could see an ice beast.

Vanquished Creatures
  5 adders
  2 oozes
  3 worms
  3 dart slugs (D:1)
  3 leopard geckos
  3 giant cockroaches
  4 goblins
  6 hobgoblins
  5 jackals (D:1)
  5 kobolds (D:1)
  A quokka (D:2)
  4 ball pythons
  4 bats
  7 frilled lizards
  7 rats
62 creatures vanquished.

Vanquished Creatures (collateral kills)
  A kobold (D:2)
1 creature vanquished.

Vanquished Creatures (others)
  A plant (D:1)
1 creature vanquished.

Grand Total: 64 creatures vanquished

Notes
Turn   | Place    | Note
-------+----------+-------------------------------------------
     0 | D:1      | spiff the Octopode Transmuter began the quest for the Orb.
     0 | D:1      | Reached XP level 1. HP: 13/13 MP: 3/3
   319 | D:1      | Reached XP level 2. HP: 3/18 MP: 5/5
   570 | D:1      | Learned a level 2 spell: Sticks to Snakes
   971 | D:1      | Reached XP level 3. HP: 21/23 MP: 6/6
  1659 | D:2      | Found a faded altar of an unknown god.
  1669 | D:2      | Reached skill level 4 in Unarmed Combat
  1669 | D:2      | Reached XP level 4. HP: 24/28 MP: 5/7
  1714 | D:2      | Learned a level 3 spell: Spider Form
  2467 | D:3      | Reached XP level 5. HP: 31/33 MP: 6/8
  2858 | D:4      | Noticed an ice beast
  2876 | D:4      | HP: 1/33 [ice beast (4)]
  2876 | D:4      | Mangled by an ice beast

Skill      XL: |  1  2  3 |
---------------+----------+-----
Transmutations | 3 |  3.8
Unarmed Combat | 4 |  4.5
Fighting       | |  1.0
Dodging        | |  2.0
Spellcasting   | |  2.0

Action                   |  1- 3 |  4- 6 || total
-------------------------+-------+-------++-------
Melee: Unarmed           |    76 |    62 ||   138
       Constrict         |    19 |    14 ||    33
       Kick              |     8 |     9 ||    17
       Tentacles         |     6 |     9 ||    15
 Fire: Hunting sling     |     1 |       ||     1
 Cast: Beastly Appendage |    13 |    17 ||    30
       Sticks to Snakes  |     1 |       ||     1
 Stab: Sleeping          |     4 |     6 ||    10
  Eat: Chunk             |     3 |     4 ||     7
Armor: Skin              |     5 |     4 ||     9
Dodge: Dodged            |    44 |    29 ||    73
